AoeStats
← Rodrigo Lao Tse

Arabia

507185357Analyzed
1v1 RM · 15d ago on Sep 17, 2026· 38m 54s· 2 players
Game mode
Random Map
Map size
Tiny (2 player)
Population
200
Speed
Normal
Resources
Standard
Victory
Conquest
Starting age
Dark Age
Ending age
Imperial Age
RankedLock teamsTeams togetherTeam positionsShared explorationLock speedFull tech treeHidden civsTurbo modeCheats
Victory
Defeat
🇺🇾 Georgians · Uruguay
921
+15
🇨🇱 Britons · Chile
904
-36
Rodrigo Lao Tse
4:03 Loom
11:19 Feudal Age
12:13 Double-Bit Axe
13:56 Wheelbarrow
25:08 Town Watch
28:23 Castle Age
26:21 Stone Mining
30:11 Pikeman
JulioApo
6:29 Loom
9:38 Feudal Age
10:07 Double-Bit Axe
10:30 Horse Collar
11:24 Stone Mining
18:11 Scale Barding Armor
23:50 Castle Age
22:20 Forging
22:28 Fletching
25:04 Bloodlines
26:00 Husbandry
38:37 Gold Mining
38:58 Bow Saw
Connection lost

Rejoining the realm…

Still unreachable

The connection could not be restored.

Session expired

The server has moved on; the page needs a fresh start.